SR
LADUE RAMS @ ATHLETIC CLUB KC U-21
05/03/2034
 
TOP OF THE 1ST
Ladue Rams batting - Pitching for Athletic Club KC U-21 : LHP Ian Airy
Pitching: LHP Ian Airy
Batting: RHB Tom Smythe 0-0: Called Strike
0-1: Foul Ball, location: 2F
0-2: Fly out, F7 (Flyball, 7S)
Batting: LHB Bill Dixon 0-0: Ball
1-0: Swinging Strike
1-1: Ball
2-1: Called Strike
2-2: Ball
3-2: Strikes out swinging
Batting: RHB Joe Mueller 0-0: SINGLE (Line Drive, 8LS)
Batting: RHB Y-Tic Amanap 0-0: Foul Ball, location: 2F
0-1: Ball
1-1: Ball
2-1: Foul Ball, location: 2F
2-2: Ball
3-2: Foul Ball, location: 2F
3-2: Ground out 5-3 (Groundball, 56S)
Top of the 1st over - 0 runs, 1 hit, 0 errors, 1 left on base; Ladue 0 - Athletic Club KC 0
BOTTOM OF THE 1ST
Athletic Club KC U-21 batting - Pitching for Ladue Rams : RHP Yuto Inugami
Pitching: RHP Yuto Inugami
Batting: RHB Quinn Albracht 0-0: Ground out U3 (Groundball, 34)
Batting: RHB Rodrigo Sousa 0-0: Called Strike
0-1: Ball
1-1: Ball
2-1: Foul Ball, location: 2F
2-2: Ground out 6-3 (Groundball, 6)
Batting: LHB Armando Romero 0-0: Ball
1-0: Ball
2-0: Ball
3-0: Called Strike
3-1: Fly out, F8 (Flyball, 8LXD)
Bottom of the 1st over - 0 runs, 0 hits, 0 errors, 0 left on base; Ladue 0 - Athletic Club KC 0
TOP OF THE 2ND
Ladue Rams batting - Pitching for Athletic Club KC U-21 : LHP Ian Airy
Batting: RHB Noel Peterson 0-0: Called Strike
0-1: Ball
1-1: Ball
2-1: Ball
3-1: Base on Balls
Batting: RHB Daron Mack 0-0: Ball
1-0: Fly out, F7 (Flyball, 78S)
Batting: RHB Ik-jun Cho 0-0: Ball
1-0: SINGLE (Flyball, 7S)
Noel Peterson to second
Batting: RHB Carlos Santos 0-0: Ball
1-0: Foul Ball, location: 2F
1-1: Ball
2-1: Ball
3-1: Ground out 5-3 (Groundball, 56S)
Noel Peterson to third
Ik-jun Cho to second
Batting: RHB Josip Primorac 0-0: Called Strike
0-1: Swinging Strike
0-2: Ball
1-2: Ball
2-2: Ball
3-2: Strikes out swinging
Top of the 2nd over - 0 runs, 1 hit, 0 errors, 2 left on base; Ladue 0 - Athletic Club KC 0
BOTTOM OF THE 2ND
Athletic Club KC U-21 batting - Pitching for Ladue Rams : RHP Yuto Inugami
Batting: LHB Todd Baker 0-0: Ball
1-0: Foul Ball, location: 2F
1-1: Ball
2-1: Foul Ball, location: 2F
2-2: Foul Ball, location: 2F
2-2: Foul Ball, location: 2F
2-2: Ball
3-2: Foul Ball, location: 2F
3-2: SOLO HOME RUN (Line Drive, 78XD), Distance : 431 ft
Batting: RHB Jorgen Jorgenson 0-0: Called Strike
0-1: Ball
1-1: Ball
2-1: Fly out, F8 (Line Drive, 8RXD)
Batting: SHB Wesson Clumpway 0-0: Called Strike
0-1: Ball
1-1: SINGLE (Line Drive, 9S)
Batting: RHB Michael Bridges 0-0: Ball
1-0: Ball
2-0: Grounds into double play, 5-4-3 (Groundball, 5)
Bottom of the 2nd over - 1 run, 2 hits, 0 errors, 0 left on base; Ladue 0 - Athletic Club KC 1
TOP OF THE 3RD
Ladue Rams batting - Pitching for Athletic Club KC U-21 : LHP Ian Airy
Batting: RHB Tom Smythe 0-0: Foul Ball, location: 2F
0-1: Ball
1-1: Ball
2-1: SINGLE (Line Drive, 78M)
Batting: LHB Bill Dixon 0-0: Called Strike
0-1: Fly out, F9 (Flyball, 9)
Batting: RHB Joe Mueller 0-0: Called Strike
0-1: Swinging Strike
0-2: Ball
1-2: Foul Ball, location: 2F
1-2: DOUBLE (Line Drive, 78XD)
Tom Smythe to third
Runner from 3rd tries for Home, SAFE, no throw
Batting: RHB Y-Tic Amanap 0-0: Called Strike
0-1: Foul Ball, location: 2F
0-2: SINGLE (Groundball, 4MD)
Joe Mueller to third
Runner from 3rd tries for Home, SAFE, no throw
Batting: RHB Noel Peterson 0-0: Ball
1-0: DOUBLE (Line Drive, 8LD)
Y-Tic Amanap to third
Batting: RHB Daron Mack 0-0: Called Strike
0-1: Called Strike
0-2: Ball
1-2: Strikes out looking
Batting: RHB Ik-jun Cho 0-0: Ball
1-0: Called Strike
1-1: DOUBLE (Flyball, 8LXD)
Y-Tic Amanap scores
Noel Peterson scores
Batting: RHB Carlos Santos 0-0: Called Strike
0-1: Ball
1-1: Ball
2-1: Ball
3-1: Base on Balls
Batting: RHB Josip Primorac 0-0: Called Strike
0-1: Called Strike
0-2: Fly out, F4 (Line Drive, 4)
Top of the 3rd over - 4 runs, 5 hits, 0 errors, 2 left on base; Ladue 4 - Athletic Club KC 1
BOTTOM OF THE 3RD
Athletic Club KC U-21 batting - Pitching for Ladue Rams : RHP Yuto Inugami
Batting: LHB Ronnie Boehmer 0-0: Ball
1-0: Ground out U3 (Groundball, 3)
Batting: RHB Kalikiano Keiki 0-0: Foul Ball, location: 2F
0-1: Ground out 4-3 (Groundball, 4)
Batting: RHB Quinn Albracht 0-0: SINGLE (Line Drive, 9S)
Batting: RHB Rodrigo Sousa 0-0: SINGLE (Groundball, 56D)
Quinn Albracht to second
Batting: LHB Armando Romero 0-0: Fly out, F3 (Line Drive, 34)
Bottom of the 3rd over - 0 runs, 2 hits, 0 errors, 2 left on base; Ladue 4 - Athletic Club KC 1
TOP OF THE 4TH
Ladue Rams batting - Pitching for Athletic Club KC U-21 : LHP Ian Airy
Batting: RHB Tom Smythe 0-0: Foul Ball, location: 2F
0-1: Ground out 5-3 (Groundball, 25)
Batting: LHB Bill Dixon 0-0: Called Strike
0-1: Ball
1-1: Ground out 6-3 (Groundball, 6)
Batting: RHB Joe Mueller 0-0: Fly out, F7 (Flyball, 7S)
Top of the 4th over - 0 runs, 0 hits, 0 errors, 0 left on base; Ladue 4 - Athletic Club KC 1
BOTTOM OF THE 4TH
Athletic Club KC U-21 batting - Pitching for Ladue Rams : RHP Yuto Inugami
Batting: LHB Todd Baker 0-0: Swinging Strike
0-1: Ball
1-1: Foul Ball, location: 2F
1-2: Ball
2-2: Ball
3-2: SOLO HOME RUN (Flyball, 89XD), Distance : 402 ft
Batting: RHB Jorgen Jorgenson 0-0: Fly out, F7 (Flyball, 7D)
Batting: SHB Wesson Clumpway 0-0: Ball
1-0: Ground out 5-3 (Groundball, 56S)
Batting: RHB Michael Bridges 0-0: Ground out 4-3 (Groundball, 34)
Bottom of the 4th over - 1 run, 1 hit, 0 errors, 0 left on base; Ladue 4 - Athletic Club KC 2
TOP OF THE 5TH
Ladue Rams batting - Pitching for Athletic Club KC U-21 : LHP Ian Airy
Batting: RHB Y-Tic Amanap 0-0: Swinging Strike
0-1: Foul Ball, location: 2F
0-2: Ball
1-2: Strikes out swinging
Batting: RHB Noel Peterson 0-0: DOUBLE (Line Drive, 3D)
Batting: RHB Daron Mack 0-0: Called Strike
0-1: Fly out, F8 (Line Drive, 8LD)
Runner from 2nd tags up, SAFE at 3rd with throw
Batting: RHB Ik-jun Cho 0-0: Swinging Strike
0-1: Called Strike
0-2: Foul Ball, location: 2F
0-2: Ball
1-2: Ball
2-2: Ball
3-2: Foul Ball, location: 2F
3-2: Base on Balls
Batting: RHB Carlos Santos 0-0: SINGLE (Line Drive, 34D)
Noel Peterson scores
Ik-jun Cho to second
Runner from 2nd tries for 3rd, SAFE, no throw
Batting: RHB Josip Primorac 0-0: Ball
1-0: 3-RUN HOME RUN (Flyball, 7D), Distance : 366 ft
Batting: RHB Tom Smythe 0-0: Called Strike
0-1: Foul Ball, location: 2F
0-2: Ball
1-2: DOUBLE (Line Drive, 7LM)
Batting: LHB Bill Dixon 0-0: Ball
1-0: Foul Ball, location: 2F
1-1: Ball
2-1: Fly out, F9 (Flyball, 9D)
Top of the 5th over - 4 runs, 4 hits, 0 errors, 1 left on base; Ladue 8 - Athletic Club KC 2
BOTTOM OF THE 5TH
Athletic Club KC U-21 batting - Pitching for Ladue Rams : RHP Yuto Inugami
Batting: LHB Ronnie Boehmer 0-0: Called Strike
0-1: SINGLE (Flyball, 7LS)
Batting: RHB Kalikiano Keiki 0-0: Ball
1-0: Ball
2-0: Ball
3-0: Called Strike
3-1: Base on Balls
Ronnie Boehmer to second
Batting: RHB Quinn Albracht 0-0: Foul Ball, location: 2F
0-1: Ball
1-1: SINGLE (Groundball, 4MD)
Ronnie Boehmer to third
Kalikiano Keiki to second
Batting: RHB Rodrigo Sousa 0-0: Ball
1-0: SINGLE (Groundball, 6MD)
Ronnie Boehmer scores
Kalikiano Keiki to third
Quinn Albracht to second
Batting: LHB Armando Romero 0-0: Swinging Strike
0-1: Swinging Strike
0-2: Foul Ball, location: 2F
0-2: Strikes out swinging
Batting: LHB Todd Baker 0-0: Called Strike
0-1: Ball
1-1: Ball
2-1: Ball
3-1: Swinging Strike
3-2: Base on Balls
Kalikiano Keiki scores
Quinn Albracht to third
Rodrigo Sousa to second
Batting: RHB Jorgen Jorgenson 0-0: Ball
1-0: Ball
2-0: Foul Ball, location: 2F
2-1: Ball
3-1: Fly out, F3 (Popup, 3SF)
Batting: SHB Wesson Clumpway 0-0: Ball
1-0: Ball
2-0: SINGLE (Groundball, 4MD)
Quinn Albracht scores
Rodrigo Sousa to third
Todd Baker to second
Runner from 3rd tries for Home, SAFE, no throw
Batting: RHB Michael Bridges 0-0: Ball
1-0: Swinging Strike
1-1: SINGLE (Groundball, 6MD)
Todd Baker to third
Wesson Clumpway to second
Runner from 3rd tries for Home, SAFE, no throw
Batting: LHB Ronnie Boehmer 0-0: Ball
1-0: Called Strike
1-1: SINGLE (Groundball, 6MD)
Wesson Clumpway to third
Michael Bridges to second
Runner from 3rd tries for Home, SAFE, no throw
Batting: RHB Kalikiano Keiki 0-0: Called Strike
0-1: Called Strike
0-2: Ball
1-2: Fly out, F5 (Line Drive, 5S)
Bottom of the 5th over - 6 runs, 6 hits, 0 errors, 2 left on base; Ladue 8 - Athletic Club KC 8
TOP OF THE 6TH
Ladue Rams batting - Pitching for Athletic Club KC U-21 : LHP Ian Airy
Pitching: LHP Marcelino Rodríguez
Batting: RHB Joe Mueller 0-0: SINGLE (Line Drive, 56)
Batting: RHB Y-Tic Amanap 0-0: Ball
1-0: Ball
2-0: Foul Ball, location: 2F
2-1: Foul Ball, location: 2F
2-2: Foul Ball, location: 2F
2-2: Ball
3-2: DOUBLE (Line Drive, 9D)
Joe Mueller to third
Joe Mueller scores
Batting: RHB Noel Peterson 0-0: Ball
1-0: Called Strike
1-1: Fly out, F8 (Line Drive, 8RS)
Batting: RHB Daron Mack 0-0: Ball
Wild Pitch!
Y-Tic Amanap to third
1-0: DOUBLE (Line Drive, 78D)
Y-Tic Amanap scores
Batting: RHB Ik-jun Cho 0-0: Called Strike
0-1: Ball
1-1: Foul Ball, location: 2F
1-2: Strikes out swinging
Batting: RHB Carlos Santos 0-0: Reached on error, E6 (Groundball, 6)
Daron Mack scores
Batting: RHB Josip Primorac 0-0: Ball
1-0: Foul Ball, location: 2F
1-1: Called Strike
1-2: Ball
2-2: Foul Ball, location: 2F
2-2: Foul Ball, location: 2F
2-2: Strikes out looking
Top of the 6th over - 3 runs, 3 hits, 1 error, 1 left on base; Ladue 11 - Athletic Club KC 8
BOTTOM OF THE 6TH
Athletic Club KC U-21 batting - Pitching for Ladue Rams : RHP Yuto Inugami
Pitching: RHP Alfonso Caballero
Batting: RHB Quinn Albracht 0-0: Ball
1-0: Ball
2-0: Ball
3-0: Called Strike
3-1: Base on Balls
Batting: RHB Rodrigo Sousa 0-0: Ball
1-0: Fly out, F7 (Flyball, 78S)
Batting: LHB Armando Romero 0-0: Called Strike
0-1: Ball
1-1: Ball
2-1: Called Strike
2-2: Foul Ball, location: 2F
2-2: Strikes out swinging
Batting: LHB Todd Baker 0-0: Called Strike
Quinn Albracht is caught stealing 2nd base
Bottom of the 6th over - 0 runs, 0 hits, 0 errors, 0 left on base; Ladue 11 - Athletic Club KC 8
TOP OF THE 7TH
Ladue Rams batting - Pitching for Athletic Club KC U-21 : LHP Marcelino Rodríguez
Pitching: RHP Sakutaro Matsumoto
Batting: RHB Tom Smythe 0-0: Called Strike
0-1: Ball
1-1: Ground out 5-3 (Groundball, 5)
Batting: LHB Bill Dixon 0-0: Ball
1-0: Swinging Strike
1-1: Foul Ball, location: 2F
1-2: Strikes out looking
Batting: RHB Joe Mueller 0-0: Called Strike
0-1: Ball
1-1: Foul Ball, location: 2F
1-2: SINGLE (Groundball, 4D)
Batting: RHB Y-Tic Amanap 0-0: Called Strike
0-1: Swinging Strike
0-2: Ball
1-2: Strikes out looking
Top of the 7th over - 0 runs, 1 hit, 0 errors, 1 left on base; Ladue 11 - Athletic Club KC 8
BOTTOM OF THE 7TH
Athletic Club KC U-21 batting - Pitching for Ladue Rams : RHP Alfonso Caballero
Batting: LHB Todd Baker 0-0: Foul Ball, location: 2F
0-1: Ball
1-1: Fly out, F7 (Flyball, 78S)
Batting: RHB Jorgen Jorgenson 0-0: Ground out 5-3 (Groundball, 56)
Batting: SHB Wesson Clumpway 0-0: Ball
1-0: Ground out 6-3 (Groundball, 6MS)
Bottom of the 7th over - 0 runs, 0 hits, 0 errors, 0 left on base; Ladue 11 - Athletic Club KC 8
TOP OF THE 8TH
Ladue Rams batting - Pitching for Athletic Club KC U-21 : RHP Sakutaro Matsumoto
Batting: RHB Noel Peterson 0-0: Ball
1-0: SINGLE (Line Drive, 34)
Batting: RHB Daron Mack 0-0: Foul Ball, location: 2F
0-1: Ball
1-1: Foul Ball, location: 2F
1-2: Ball
2-2: Ball
3-2: Foul Ball, location: 2F
3-2: Foul Ball, location: 2F
3-2: Strikes out swinging
Noel Peterson is caught stealing 2nd base
Batter strikes out.
Batting: RHB Ik-jun Cho 0-0: Ball
1-0: Called Strike
1-1: Ball
2-1: Foul Ball, location: 2F
2-2: Strikes out looking
Top of the 8th over - 0 runs, 1 hit, 0 errors, 0 left on base; Ladue 11 - Athletic Club KC 8
BOTTOM OF THE 8TH
Athletic Club KC U-21 batting - Pitching for Ladue Rams : RHP Alfonso Caballero
Batting: RHB Michael Bridges 0-0: Called Strike
0-1: Ground out 6-3 (Groundball, 6)
Batting: LHB Ronnie Boehmer 0-0: Ball
1-0: Foul Ball, location: 2F
1-1: Foul Ball, location: 2F
1-2: Ball
2-2: Strikes out swinging
Batting: RHB Kalikiano Keiki 0-0: Foul Ball, location: 2F
0-1: Ball
1-1: Ball
2-1: Swinging Strike
2-2: Strikes out swinging
Bottom of the 8th over - 0 runs, 0 hits, 0 errors, 0 left on base; Ladue 11 - Athletic Club KC 8
TOP OF THE 9TH
Ladue Rams batting - Pitching for Athletic Club KC U-21 : RHP Sakutaro Matsumoto
Batting: RHB Carlos Santos 0-0: Ball
1-0: Foul Ball, location: 2F
1-1: Ball
2-1: Called Strike
2-2: Strikes out swinging
Batting: RHB Josip Primorac 0-0: Swinging Strike
0-1: Fly out, F7 (Flyball, 7)
Batting: RHB Tom Smythe 0-0: Swinging Strike
0-1: Called Strike
0-2: Foul Ball, location: 2F
0-2: Strikes out looking
Top of the 9th over - 0 runs, 0 hits, 0 errors, 0 left on base; Ladue 11 - Athletic Club KC 8
BOTTOM OF THE 9TH
Athletic Club KC U-21 batting - Pitching for Ladue Rams : RHP Alfonso Caballero
Batting: RHB Quinn Albracht 0-0: Ball
1-0: Called Strike
1-1: SINGLE (Line Drive, 9LS)
Batting: RHB Rodrigo Sousa 0-0: Foul Ball, location: 2F
0-1: Ball
1-1: Ball
2-1: Fly out, F8 (Flyball, 8RM)
Batting: LHB Armando Romero 0-0: Ball
1-0: Ball
2-0: Foul Ball, location: 2F
2-1: Foul Ball, location: 2F
2-2: Ground out 5-3 (Groundball, 56S)
Quinn Albracht to second
Batting: LHB Todd Baker 0-0: Ball
1-0: Ball
2-0: Ball
3-0: Base on Balls
Pinch Hitting: RHB Gabriel Martínez 0-0: Foul Ball, location: 2F
0-1: Ball
1-1: Ball
2-1: Ball
3-1: Swinging Strike
3-2: Base on Balls
Quinn Albracht to third
Todd Baker to second
Pinch Hitting: RHB Ali Ben Bongo 0-0: Ball
1-0: Fielders Choice at 2nd, 6-4 (Groundball, 6)
Bottom of the 9th over - 0 runs, 1 hit, 0 errors, 3 left on base; Ladue 11 - Athletic Club KC 8
Friday, March 29th, 2019 - OOTP Baseball 18.8 Build 76